 Dungeon Crawl Stone Soup version 0.27-a0-216-g1fbed8a51c (webtiles) character file.

Game seed: 11250099346468482342

8 knot the Chopper (level 2, 17/24 HPs)
             Began as a Demonspawn Berserker on Feb 1, 2021.
             Was a Follower of Trog.
             Quit the game on level 1 of the Dungeon.
             The game lasted 00:00:16 (425 turns).

knot the Chopper (Demonspawn Berserker)              Turns: 425, Time: 00:00:17

Health: 17/24      AC:  2    Str: 17    XL:     2   Next: 0%
Magic:  2/2        EV: 12    Int:  8    God:    Trog [*.....]
Gold:   0          SH:  0    Dex: 12    Spells: 1/1 levels left

rFire    . . .     SeeInvis .   a - +0 hand axe
rCold    . . .     Faith    .   (no shield)
rNeg     . . .     Spirit   .   b - +0 animal skin
rPois    .         Reflect  .   (no helmet)
rElec    .         Harm     .   (no cloak)
rCorr    .         Rampage  .   (no gloves)
Will     .....                  (no boots)
Stlth    +.........             (no amulet)
HPRegen  0.08/turn              (no ring)
MPRegen  0.08/turn              (no ring)

@: no status effects
A: talons 1
a: Renounce Religion, Berserk


You were on level 1 of the Dungeon.
You worshipped Trog.
Trog was aware of your devotion.
You visited 1 branch of the dungeon, and saw 1 of its levels.

Inventory:

Hand Weapons
 a - a +0 hand axe (weapon)
Missiles
 e - 30 stones
Armour
 b - a +0 animal skin (worn)
Scrolls
 d - a scroll of random uselessness {unknown}
Potions
 c - a potion of attraction {unknown}


   Skills:
 - Level 3.0 Fighting
 + Level 3.2 Axes
 - Level 1.7 Armour
 - Level 1.7 Dodging


You had one spell level left.
You didn't know any spells.
Your spell library was empty.

Dungeon Overview and Level Annotations

Branches:
Dungeon (1/15)

Altars:


Innate Abilities, Weirdness & Mutations

You have sharp toenails.


Message History

A kobold comes into view. It is wielding a +1 dagger of speed.
A kobold is nearby!
A kobold is nearby!
The kobold misses you.
You barely miss the kobold. The kobold closely misses you.
You closely miss the kobold. The kobold barely misses you.
The kobold hits you with a +1 dagger of speed.
You hit the kobold.
The kobold is severely wounded.
The kobold hits you with a +1 dagger of speed.
You miss the kobold.
The kobold is severely wounded.
The kobold completely misses you. The kobold barely misses you.
You hit the kobold.
You kill the kobold!
Trog accepts your kill.
You have reached level 2!
Your demonic ancestry asserts itself...
Your toenails lengthen and sharpen.
Are you sure you want to abandon this character and quit the game? (Confirm with "yes".)

#.# #.# #.'####8 #.# #.#
#.'#...# ###)# #.#
###..<.#
....###.######## ##...#
##...†.........# ###.#
#...#########.# ##.
#.#.# #.# ##
##.#.#########.#########
#...............@).....#
........####.#.#######.#
#.......# #...#
##)#....####.#.#
#†........#.#.#
#.......... ...
#.........# #..
####....#### #.
..........


There were no monsters in sight!

Vanquished Creatures
  A goblin (D:1)
  2 hobgoblins (D:1)
  A bat (D:1)
  A frilled lizard (D:1)
  2 kobolds (D:1)
  2 rats (D:1)
9 creatures vanquished.

Notes
Turn   | Place    | Note
-------+----------+-------------------------------------------
     0 | D:1      | knot the Demonspawn Berserker began the quest for the Orb.
     0 | D:1      | Reached XP level 1. HP: 18/18 MP: 1/1
   425 | D:1      | Gained mutation: You have sharp toenails. [demonic
                  | ancestry]
   425 | D:1      | Reached XP level 2. HP: 17/24 MP: 2/2
   425 | D:1      | Quit the game

Illustrated notes

Levels and vault maps discovered:
D:1:      saegor_arrival_simple_e, layout_loops_ring, minmay_misc_feat_pillars,
          minmay_lizard_pond

Skill      XL: |  1 |
---------------+----+-----
Axes           | 3 |  3.2
Fighting       | |  3.0
Armour         | |  1.7
Dodging        | |  1.7

Action                   || total
-------------------------++-------
Melee: Hand axe          ||    30
Armor: Animal skin       ||     7
Dodge: Dodged            ||    26

Table legend: (Time is in decaauts)
 A = Elapsed time spent in this place.
 B = Non-inter-level travel time spent in this place.
 C = Inter-level travel time spent in this place.
 D = Time resting spent in this place.
 E = Time spent auto-exploring this place.
 F = Levels seen in this place.
 G = Mean time per level.
                   A        B        C        D        E       F      G
               +--------+--------+--------+--------+--------+-----+--------+
         Total |    429 |    429 |      0 |      0 |    364 |   1 |  429.0 |
       Dungeon |    429 |    429 |      0 |      0 |    364 |   1 |  429.0 |
               +--------+--------+--------+--------+--------+-----+--------+

Top non-repeatable levels by time:
     D:1: 429 daAuts
